Map: Neon Violet Square LE

Players

MaSa

  • Race: Terran Terran
  • Spawn Location: 5:00

SortOf - Winner!

  • Race: Zerg Zerg
  • Spawn Location: 11:00

Event: WCS Leipzig 2018

VOD

Have the link to the VOD?

Description

Time

  • Played on: Jan. 26, 2018, 1:27 p.m.
  • Length: 21:38

All games in this series

Show
View Real Time Build Order
Export as new Build Order

MaSa Terran 

Build Orders: Hellion Opening, Bio Tank 

Get SALT Encoding   

  12  0:00  SCV  
  13  0:12  SCV  
  14  0:19  Supply Depot  
  14  0:24  SCV  
  15  0:29  Refinery  
  15  0:40  SCV  
  16  0:46  Barracks  
  16  0:52  SCV  
  17  1:05  SCV  
  18  1:17  SCV  
  20  1:32  Orbital Command, Reaper  
  20  1:44  Command Center  
  20  1:57  Factory  
  20  1:59  SCV  
  21  2:05  Refinery  
  21  2:08  Barracks Reactor  
  21  2:11  SCV  
  22  2:17  Supply Depot  
  22  2:23  SCV  
  23  2:39  SCV  
  23  2:43  Starport  
  24  2:50  Barracks Tech Lab  
  24  2:51  Hellion, SCV  
  26  2:54  Hellion  
  29  3:01  Orbital Command  
  29  3:05  SCV  
  30  3:14  Hellion  
  30  3:16  Hellion  
  34  3:24  Viking  
  36  3:27  SCV  
  36  3:29  SCV  
  38  3:34  Supply Depot  
  38  3:39  SCV  
  38  3:40  Hellion  
  41  3:44  Hellion  
  41  3:46  SCV  
  44  3:50  Marine  
  44  3:51  SCV  
  46  3:57  Medivac  
  46  3:59  Supply Depot  
  48  4:04  Armory  
  48  4:05  SCV  
  48  4:07  SCV  
  50  4:10  Hellion  
  50  4:14  Hellion, Liberator  
  54  4:20  SCV x2  
  54  4:21  Marine  
  54  4:24  Stimpack  
  57  4:32  SCV x2  
  62  4:44  Supply Depot  
  62  5:05  SCV x2, Marine  
  62  5:06  Hellion x2  
  67  5:14  Command Center  
  67  5:17  SCV x2  
  65  5:27  Engineering Bay x2  
  63  5:30  SCV x2  
  60  5:42  SCV x2  
  58  5:43  Starport Reactor  
  58  5:46  Barracks x2  
  58  5:47  Refinery x2  
  58  5:48  Factory Reactor  
  56  5:54  SCV x2  
  56  5:55  Marine  
  59  6:00  Terran Infantry Weapons Level 1, Barracks  
  59  6:01  Barracks, Terran Infantry Armor Level 1  
  59  6:04  Liberator x2  
  59  6:06  SCV x2  
  61  6:18  SCV x2  
  61  6:22  Marine  
  66  6:30  SCV x2  
  66  6:32  Combat Shields  
  69  6:33  Supply Depot  
  69  6:34  Orbital Command  
  69  6:35  Marine x2  
  69  6:38  Factory Tech Lab  
  70  6:40  Marine  
  70  6:42  SCV x2  
  70  6:44  Marine x2  
  75  6:49  Supply Depot, Factory  
  75  6:51  Barracks Reactor x2  
  75  6:53  Marine x2  
  77  6:54  SCV x2  
  77  6:58  Marine  
  80  7:01  Marine  
  80  7:02  Marine, Siege Tank  
  80  7:03  Orbital Command  
  80  7:06  SCV x2  
  87  7:11  Marine x2  
  87  7:12  Refinery  
  89  7:16  Refinery, Marine  
  89  7:17  Medivac  
  89  7:18  SCV  
  89  7:19  Medivac, Marine x2  
  89  7:22  SCV  
  98  7:27  Supply Depot  
  98  7:28  SCV  
  98  7:29  Marine x2  
  101  7:37  Factory Tech Lab  
  101  7:45  Supply Depot  
  101  7:48  SCV x3, Marine x2, Siege Tank  
  101  7:49  Supply Depot  
  101  7:51  Supply Depot  
  109  7:52  Supply Depot  
  109  8:07  SCV, Marine x4, Siege Tank  
  109  8:08  Supply Depot  
  109  8:11  SCV x2, Marine x5  
  121  8:20  Siege Tank  
  121  8:25  Marine x4  
  128  8:28  Marine x5  
  128  8:33  Medivac x2  
  136  8:36  Terran Infantry Weapons Level 2  
  136  8:39  Siege Tank  
  132  8:42  Marine x4  
  132  8:46  Marine x4  
  132  8:48  Terran Infantry Armor Level 2  
  135  8:49  Marine  
  135  8:52  Siege Tank  
  136  9:00  Marine x2  
  135  9:03  Medivac x2  
  135  9:06  Command Center  
  135  9:07  Marine x2  
  135  9:08  Marine x2  
  143  9:11  Siege Tank  
  146  9:18  Supply Depot x2  
  146  9:23  Marine x2  
  147  9:27  Command Center  
  147  9:28  Siege Tank  
  145  9:32  Marine x2  
  145  9:33  Medivac  
  149  9:40  Medivac  
  149  9:43  Terran Vehicle And Ship Armor Level 1, Siege Tank  
  138  9:46  Marine x2  
  138  9:49  Marine x2  
  137  9:53  Marine x2  
  138  10:00  Siege Tank  
  138  10:03  Supply Depot, Medivac  
  138  10:04  Supply Depot, Barracks  
  138  10:06  Marine x3  
  146  10:07  Barracks  
  146  10:09  Medivac  
  146  10:13  Marine x3  
  151  10:15  Siege Tank  
  154  10:21  Marine x2  
  154  10:24  Marine x2  
  154  10:26  Marine  
  159  10:32  Siege Tank  
  159  10:33  Medivac  
  163  10:38  Marine x4  
  163  10:39  Marine x2  
  163  10:42  Marine x2  
  170  10:43  Medivac  
  170  10:49  Marine  
  174  10:55  Terran Infantry Weapons Level 3  
  174  10:56  Marine x3  
  172  11:03  Medivac, Marine x2  
  176  11:05  Marine  
  176  11:10  Marine x3  
  165  11:13  Medivac  
  165  11:14  Marine x3  
  165  11:16  Marine  
  155  11:32  Terran Infantry Armor Level 3  
  134  11:33  Marine x4  
  134  11:34  Siege Tank  
  133  11:41  Marine x4  
  123  11:48  Liberator, Marine  
  123  11:50  Liberator, Orbital Command  
  123  11:53  Siege Tank  
  125  11:56  Barracks Tech Lab  
  125  11:57  Barracks Tech Lab  
  125  11:59  SCV x2  
  129  12:15  Unknown  
  129  12:16  Unknown x2  
  129  12:17  Marine x8  
  129  12:18  Concussive Shells  
  129  12:21  Siege Tank  
  140  12:26  Unknown  
  140  12:28  Marine x2  
  140  12:29  Marine, Siege Tank  
  146  12:34  Marine  
  146  12:35  SCV x3, Marine x2  
  145  12:39  Marine x2  
  145  12:40  Marine x2  
  148  12:47  Marauder  
  150  12:52  Marine  
  150  12:53  Command Center, Marine, Siege Tank  
  150  12:56  Starport  
  155  13:01  Refinery x2, Siege Tank  
  158  13:06  Marine  
  158  13:07  Liberator, Marine x7  
  158  13:08  Liberator  
  166  13:17  Marine x3  
  178  13:28  Refinery  
  178  13:30  Supply Depot  
  178  13:31  Supply Depot  
  178  13:34  Terran Vehicle And Ship Armor Level 2  
  175  13:41  Liberator  
  175  13:42  Siege Tank  
  175  13:43  Marine, Marauder  
  175  13:44  Factory Reactor  
  181  13:52  Marine x5, Marauder  
  190  14:12  Marine  
  190  14:13  Marine x9  
  192  14:28  Marauder  
  192  14:30  Marine  
  192  14:31  Marine x9  
  188  14:33  Liberator  
  192  14:45  Siege Tank  
  167  14:48  Marine x5  
  167  14:49  Marine x2, Marauder  
  148  14:55  Marine  
  148  14:56  Marauder  
  148  14:59  Marauder  
  130  15:06  Marine  
  123  15:11  Marauder  
  116  15:16  Marine  
  116  15:17  Liberator, Marauder  
  112  15:22  SCV, Liberator  
  112  15:23  SCV  
  112  15:28  Planetary Fortress  
  114  15:29  Marine x2  
  114  15:35  Liberator  
  119  15:39  Marine x2  
  119  15:42  Siege Tank  
  124  15:48  Unknown x3  
  124  15:49  Unknown  
  124  15:54  Marine x4, Marauder x2  
  124  15:55  Marine  
  136  16:04  Marine  
  136  16:05  Marine  
  136  16:08  Refinery  
  136  16:09  Refinery  
  136  16:10  Factory Tech Lab  
  138  16:14  Siege Tank  
  138  16:17  Command Center  
  138  16:18  Marine x2, Marauder  
  142  16:30  Siege Tank  
  123  16:34  Marine x7, Marauder  
  123  16:36  Marine x2  
  123  16:39  Marine  
  130  16:46  Siege Tank  
  129  16:51  Marine  
  129  16:52  Marine x6  
  129  16:53  Marine  
  129  16:54  Liberator  
  131  16:55  Marauder  
  131  17:00  Marine, Marauder  
  133  17:09  Marine  
  133  17:10  Marine  
  133  17:13  Siege Tank  
  141  17:25  Terran Ship Weapons Level 1  
  141  17:30  Orbital Command  
  141  17:38  Siege Tank  
  141  17:39  Marine x2  
  143  17:44  SCV x3  
  145  17:56  SCV x3, Siege Tank  
  151  18:02  Marine  
  151  18:03  Marine, Marauder  
  152  18:08  SCV x2  
  152  18:10  Siege Tank  
  152  18:12  Marine  
  143  18:13  Marauder  
  136  18:20  Marauder  
  127  18:33  Marine  
  127  18:34  Marine x2, Marauder  
  128  18:37  Liberator  
  109  18:44  Marine  
  109  18:45  Marine x2, Marauder  
  109  18:47  Marine  
  110  19:04  Marine x2, Marauder  
  110  19:07  SCV  
  110  19:09  SCV  
  116  19:14  Orbital Command  
  116  19:19  SCV  
  116  19:21  SCV  
  118  19:30  Marine x4, Marauder  
  124  19:32  SCV  
  124  19:33  SCV  
  112  19:40  SCV  
  112  19:44  SCV  
  106  19:45  SCV  
  106  19:50  Marine  
  106  19:52  SCV, Marine  
  104  19:56  SCV  
  104  19:57  SCV  
  105  20:04  SCV  
  106  20:08  SCV  
  106  20:09  SCV  
  108  20:15  Marine  
  108  20:16  SCV  
  108  20:18  Marauder  
  108  20:20  SCV  
  113  20:22  SCV  
  113  20:28  SCV  
  115  20:32  SCV  
  115  20:34  SCV  
  117  20:36  Marine  
  117  20:37  Marine x3, Marauder  
  117  20:40  SCV, Marine x2  
  117  20:41  Marauder  
  126  20:44  SCV, Marine  
  126  20:45  Marauder  
  126  20:46  SCV  
  127  20:52  SCV  
  127  20:54  Marine x4  
  127  20:56  SCV  
  133  20:58  SCV, Marine x2, Marauder  
  133  21:02  Marine x2  
  133  21:05  Marine  
  128  21:12  Marine x4  
  128  21:16  Marine x2  
  134  21:20  Marine  
Show
View Real Time Build Order
Export as new Build Order

SortOf Zerg - Winner!

Build Orders: Hatch First 

Get SALT Encoding   

  12  0:00  Drone  
  13  0:13  Overlord  
  13  0:17  Drone  
  14  0:32  Drone x2  
  16  0:36  Drone  
  17  0:52  Hatchery  
  17  0:56  Drone  
  17  0:59  Drone  
  18  1:10  Extractor  
  17  1:16  Spawning Pool  
  17  1:18  Drone  
  17  1:22  Drone  
  18  1:29  Drone  
  19  1:40  Drone  
  20  1:51  Overlord  
  20  2:04  Drone x2  
  20  2:05  Queen x2  
  26  2:12  Zergling x2  
  27  2:15  Zergling x2  
  27  2:19  Metabolic Boost  
  28  2:30  Extractor  
  28  2:31  Drone  
  28  2:32  Drone  
  28  2:36  Drone  
  30  2:38  Drone  
  30  2:41  Queen  
  33  2:46  Overlord  
  33  2:48  Drone  
  35  2:55  Drone  
  35  3:00  Drone  
  36  3:06  Drone  
  36  3:09  Hatchery  
  36  3:16  Drone x4  
  40  3:22  Zergling x4  
  42  3:31  Overlord, Queen  
  44  3:39  Baneling Nest  
  44  3:40  Overlord  
  43  3:45  Drone  
  43  3:48  Overlord  
  44  3:50  Drone x2  
  44  3:51  Drone  
  47  3:56  Drone x2  
  47  3:59  Zergling x6  
  52  4:07  Lair  
  51  4:10  Queen  
  51  4:11  Extractor  
  51  4:12  Drone  
  51  4:17  Zergling x4  
  55  4:18  Drone  
  55  4:20  Drone x2  
  55  4:22  Drone  
  59  4:26  Overlord  
  59  4:30  Spore Crawler  
  59  4:31  Baneling x3  
  58  4:32  Drone  
  58  4:34  Drone  
  58  4:35  Drone  
  61  4:42  Drone x3  
  64  4:45  Overlord  
  64  4:49  Overlord  
  64  4:50  Drone  
  64  4:52  Baneling  
  65  4:53  Drone  
  65  4:57  Overlord  
  66  5:01  Overlord  
  66  5:05  Baneling x2  
  62  5:10  Drone x4  
  62  5:12  Drone x2  
  62  5:15  Drone x2  
  62  5:17  Overseer  
  63  5:22  Drone x2  
  63  5:25  Drone x2  
  63  5:27  Drone  
  66  5:36  Drone  
  66  5:37  Drone  
  66  5:38  Drone  
  66  5:40  Drone x3  
  70  5:45  Centrifical Hooks  
  70  5:47  Overlord x2  
  70  5:51  Drone x2  
  70  5:52  Drone  
  70  5:56  Extractor x2  
  71  6:00  Drone x2, Overlord  
  71  6:01  Drone  
  71  6:04  Drone  
  75  6:08  Drone, Extractor  
  75  6:10  Evolution Chamber x2  
  70  6:18  Drone x8  
  73  6:24  Drone x2  
  73  6:25  Drone x3  
  75  6:32  Drone  
  77  6:37  Drone x2  
  79  6:41  Extractor  
  78  6:48  Drone x3, Hatchery  
  78  6:49  Drone x2  
  78  6:51  Drone x4  
  85  6:54  Overlord  
  85  6:57  Zerg Ground Armor Level 1  
  85  6:59  Zerg Melee Weapons Level 1  
  85  7:05  Zergling x10  
  85  7:08  Hydralisk Den  
  89  7:09  Baneling x4  
  89  7:12  Overlord  
  89  7:15  Zergling x8  
  93  7:26  Zergling x8  
  97  7:34  Zergling x6  
  97  7:35  Zergling x10  
  105  7:41  Hydralisk, Muscular Augments  
  105  7:43  Baneling x3  
  107  7:57  Drone x4  
  107  8:02  Hydralisk x6  
  107  8:04  Drone x2  
  114  8:15  Zergling x14  
  114  8:19  Queen  
  119  8:33  Hydralisk x5  
  106  8:43  Drone x4  
  106  8:44  Drone x3  
  110  8:49  Drone x2  
  110  8:52  Drone x3  
  110  8:53  Drone  
  116  8:57  Zergling x4  
  116  8:58  Baneling x3  
  118  9:07  Zerg Ground Armor Level 2, Zerg Melee Weapons Level 2  
  118  9:10  Zergling x6  
  118  9:11  Zergling x8  
  118  9:16  Drone, Infestation Pit  
  125  9:18  Zergling x4  
  116  9:31  Zergling x2  
  116  9:32  Zergling x16  
  116  9:33  Baneling x9  
  116  9:38  Queen  
  127  9:41  Drone  
  127  9:42  Drone  
  127  9:45  Drone x4, Zergling x2  
  123  9:49  Drone x2  
  123  9:50  Drone x2  
  123  9:52  Drone x2  
  124  9:57  Zergling x6  
  124  9:59  Overlord  
  127  10:05  Hive  
  127  10:07  Overlord  
  127  10:10  Overlord  
  127  10:13  Overlord  
  127  10:15  Overlord  
  127  10:20  Overlord  
  127  10:24  Overlord  
  127  10:26  Hydralisk x2  
  127  10:27  Zergling x6, Hydralisk  
  134  10:36  Hydralisk x2  
  134  10:37  Zergling x10, Hydralisk x3  
  134  10:38  Zergling x2  
  149  10:49  Zergling x2  
  145  10:50  Zergling x10  
  145  10:54  Baneling x4  
  148  10:58  Zergling x12  
  153  11:04  Baneling  
  153  11:05  Baneling x8  
  140  11:11  Hydralisk  
  140  11:12  Drone, Zergling x10  
  135  11:27  Zergling x2  
  135  11:30  Zergling x2  
  135  11:31  Zergling x18  
  137  11:34  Zergling x6  
  125  11:45  Zergling x14  
  124  11:47  Adrenal Glands  
  124  11:48  Ultralisk Cavern  
  124  11:52  Baneling x2  
  124  11:53  Baneling x10, Queen  
  115  11:59  Overseer  
  115  12:00  Hatchery  
  114  12:01  Hydralisk x3  
  114  12:06  Hydralisk x2  
  124  12:09  Zergling x4  
  126  12:20  Viper x2  
  126  12:30  Zergling x6  
  126  12:31  Zergling x20  
  127  12:37  Drone x4, Chitinous Plating  
  127  12:40  Baneling x6  
  131  12:45  Drone  
  131  12:46  Drone x2  
  134  12:52  Ultralisk  
  140  12:59  Ultralisk  
  143  13:18  Ultralisk x2  
  155  13:25  Zergling x8  
  159  13:39  Ultralisk x3  
  159  13:40  Zergling x6  
  178  13:50  Baneling x3, Overlord  
  178  13:52  Overlord  
  178  13:56  Queen  
  178  14:02  Zergling x4  
  182  14:03  Overlord  
  182  14:06  Baneling x8  
  182  14:07  Baneling x5  
  182  14:08  Overlord  
  180  14:23  Zergling x2  
  180  14:24  Zergling x14  
  181  14:26  Hydralisk x5  
  188  14:34  Hydralisk x4  
  175  14:49  Zergling x16  
  156  14:56  Zergling x4  
  156  14:58  Zergling x4  
  138  15:03  Hydralisk  
  138  15:04  Hydralisk x5  
  134  15:13  Hydralisk x2  
  134  15:14  Zergling x6, Hydralisk x3  
  136  15:29  Evolution Chamber  
  136  15:30  Ultralisk  
  140  15:40  Hatchery, Zergling x22  
  140  15:41  Zergling x2  
  140  15:49  Overlord  
  142  15:50  Ultralisk, Zergling x6  
  142  15:52  Baneling x3  
  142  15:53  Baneling x2  
  143  15:59  Zergling x10  
  148  16:09  Ultralisk  
  154  16:12  Zergling x6  
  154  16:13  Zergling x4  
  154  16:16  Overseer  
  151  16:35  Hydralisk x5  
  151  16:36  Hydralisk  
  151  16:37  Zergling x2  
  151  16:38  Zergling x6  
  167  16:46  Zergling x6  
  167  16:47  Zergling x8  
  169  16:53  Viper  
  167  16:58  Drone x2  
  166  17:03  Zergling x6  
  169  17:09  Zergling x8  
  169  17:14  Baneling x5  
  173  17:29  Overlord  
  173  17:30  Ultralisk  
  173  17:31  Zergling x10  
  184  17:40  Hatchery  
  184  17:43  Zerg Ground Armor Level 3  
  181  17:45  Zerg Melee Weapons Level 3  
  181  17:51  Zergling x4  
  181  17:52  Zergling x6  
  180  18:00  Hatchery  
  170  18:08  Zergling x8  
  170  18:09  Zergling x8  
  149  18:15  Ultralisk, Zergling x2  
  149  18:19  Zergling x4  
  144  18:23  Baneling x5  
  140  18:37  Zergling x2  
  135  18:43  Zergling x14  
  135  18:44  Zergling x6  
  139  18:56  Baneling x4, Viper x2  
  145  19:08  Zergling x10  
  148  19:17  Hatchery  
  148  19:18  Zergling x4  
  148  19:19  Zergling x2  
  150  19:29  Hatchery  
  147  19:40  Viper  
  147  19:44  Zergling x2  
  147  19:45  Zergling x26  
  146  20:03  Ultralisk x3, Zergling x2  
  160  20:15  Hatchery  
  159  20:22  Zergling x2  
  159  20:23  Zergling x10  
  165  20:32  Zergling x8  
  165  20:33  Overseer x2  
  169  20:42  Zergling x16  
  175  20:49  Hydralisk x4  
  167  21:04  Zergling x14  
  172  21:19  Hatchery, Zergling x2  
  172  21:20  Zergling x12  
  172  21:22  Baneling x6  
  172  21:23  Baneling  
Tags
 
Add a new tag
Caveats
  • Supply blocks, unpowered buildings, or Contaminate may cause inaccurate times.
  • Supply counts are checked every 10 seconds.